 Dungeon Crawl Stone Soup version 0.31-a0-1615-ga12eea2 (webtiles) character file.

Game seed: 6216092104960802318

1313 PidgeyThePirate the Cutter (level 8, 0/60 HPs)
             Began as a Demonspawn Fighter on Jan 9, 2024.
             Slain by a manticore (19 damage)
             ... on level 7 of the Dungeon.
             The game lasted 00:08:48 (4215 turns).

PidgeyThePirate the Cutter (Demonspawn Fighter)     Turns: 4215, Time: 00:08:48

Health: 0/60       AC:  7    Str: 17    XL:     8   Next: 32%
Magic:  8/8        EV: 15    Int:  8    God:
Gold:   288        SH: 10    Dex: 15    Spells: 7/7 levels left

rFire   . . .        j - +1 short sword (elec)
rCold   . . .        c - +0 buckler
rNeg    . . .        b - +0 scale mail
rPois   .            (no helmet)
rElec   .            (no cloak)
rCorr   .            (no gloves)
SInv    .            (no boots)
Will    .....        z - amulet of reflection Stlth
                     u - +5 ring of evasion
HPRegen 0.30/turn    (no ring)
MPRegen 0.11/turn

%: reflection
@: no status effects
A: hooves 2, demonic magic 1
a: no special abilities


You were on level 7 of the Dungeon.
You visited 1 branch of the dungeon, and saw 8 of its levels.

You collected 288 gold pieces.

Inventory:

Hand Weapons
 a - a +0 rapier
 j - a +1 short sword of electrocution (weapon)
Armour
 b - a +0 scale mail (worn)
 c - a +0 buckler (worn)
Jewellery
 q - a ring of wizardry
 u - a +5 ring of evasion (left hand)
 z - an amulet of reflection (around neck)
 A - a ring of protection from cold
Wands
 m - a wand of digging (6)
 y - a wand of charming (17)
Scrolls
 e - 4 scrolls of enchant armour {unknown}
 g - 2 scrolls of brand weapon {unknown}
 h - a scroll of butterflies {unknown}
 i - a scroll of poison {unknown}
 l - 2 scrolls of identify {unknown}
 n - 4 scrolls of vulnerability {unknown}
 r - 2 scrolls of immolation {unknown}
 s - a scroll of fog {unknown}
 v - a scroll of revelation {unknown}
 x - a scroll of torment {unknown}
 B - a scroll of teleportation {unknown}
Potions
 d - 2 potions of might
 f - a potion of enlightenment {unknown}
 k - 2 potions of degeneration {unknown}
 o - 2 potions of haste {unknown}
 p - 4 potions of curing {unknown}
 t - a potion of invisibility {unknown}
 w - a potion of lignification {unknown}


   Skills:
 + Level 4.2 Fighting
 * Level 6.5 Short Blades
 + Level 5.4 Armour
 + Level 2.4 Dodging
 + Level 3.8 Shields


You had 7 spell levels left.
You didn't know any spells.
Your spell library contained the following spells:

 Spells                   Type           Power      Damage    Failure   Level
 Frozen Ramparts          Ice            0%         1d1       99%         3
 Leda's Liquefaction      Alch/Erth      0%         N/A       100%        4
 Petrify                  Alch/Erth      0%         N/A       100%        4
 Metabolic Englaciation   Hex/Ice        0%         N/A       100%        5


Dungeon Overview and Level Annotations

Branches:
Dungeon (8/15)             Temple (0/1) D:5
   Lair: D:8-11

Altars:
Dithmenos
Hepliaklqana
Okawaru
Yredelemnul

Shops:
D:6 *

Annotations:
D:5 3 runed translucent doors, Radamante's ghost, novice MiFi


Innate Abilities, Weirdness & Mutations

You have hoof-like feet.
Spells you cast may paralyse adjacent enemies.


Message History

The bolt of electricity hits you!
Key pressed, stopping explore.
There is a stone staircase leading down here.
You climb downwards.
There is a stone staircase leading up here.
A manticore comes into view.
The manticore flicks its tail.
The volley of spikes skewers you!
The barbed spikes become lodged in your body.
You carefully extract the barbed spikes from your body.
You hit the manticore. Your kick misses the manticore.
The manticore is lightly wounded.
The manticore bites you but does no damage.
You block the manticore's attack. x2
You hit the manticore but do no damage.
The manticore is lightly wounded.
You hit the manticore but do no damage. You kick the manticore.
The manticore is lightly wounded.
The manticore bites you! You block the manticore's attack.
The manticore closely misses you.
You completely miss the manticore.
The manticore is lightly wounded.
You block the manticore's attack. x2; The manticore barely misses you.
You hit the manticore but do no damage. Your kick misses the manticore.
The manticore is lightly wounded.
You block the manticore's attack. The manticore closely misses you.
The manticore claws you.
You hit the manticore.
Lightning courses through the manticore!!
You kick the manticore.
The manticore is heavily wounded.
You hit the manticore but do no damage.
Lightning courses through the manticore!!
The manticore is almost dead.
The manticore barely misses you. The manticore claws you!
The manticore barely misses you.
You hit the manticore.
The manticore is almost dead.
The manticore bites you!!
You die...

........... ...
..........##...
.............
..........#
.......>).#
#.......<.#
#.........#
...#......##
#........@$#
###.....H#......#
#..#.##...###.##
..#.. .....
##..#..#.### #.
..# .#. #...


You could see a manticore.

Vanquished Creatures
  A cyclops (D:6)
  A water moccasin (D:6)
  A black bear (D:6)
  A centaur (D:6)
  5 wights (D:6)
  3 hounds
  A jelly (D:6)
  An orc priest (D:3)
  2 iguanas
  4 gnolls (D:4)
  6 adders
  A shadow imp (D:6)
  A white imp (D:6)
  An ufetubus (D:6)
  4 ribbon worms
  6 dart slugs (D:6)
  7 orcs
  7 endoplasms
  5 giant cockroaches
  12 goblins
  4 hobgoblins
  16 jackals
  A quokka (D:2)
  4 ball pythons
  5 bats
  4 frilled lizards
  5 kobolds
  6 rats
115 creatures vanquished.

Notes
Turn   | Place    | Note
-------+----------+-------------------------------------------
     0 | D:1      | PidgeyThePirate the Demonspawn Fighter began the quest for
                  | the Orb.
     0 | D:1      | Reached XP level 1. HP: 18/18 MP: 1/1
   324 | D:1      | Reached skill level 2 in Short Blades
   372 | D:1      | Gained mutation: You have large cloven feet. [demonic
                  | ancestry]
   372 | D:1      | Reached XP level 2. HP: 24/24 MP: 2/2
   805 | D:2      | Gained mutation: Spells you cast may paralyse adjacent
                  | enemies. [demonic ancestry]
   805 | D:2      | Reached XP level 3. HP: 29/29 MP: 3/3
  1129 | D:2      | Found a faded altar of an unknown god.
  1408 | D:3      | Reached XP level 4. HP: 26/35 MP: 4/4
  1552 | D:3      | Reached skill level 3 in Short Blades
  1945 | D:3      | Found a basalt altar of Yredelemnul.
  2063 | D:3      | Reached skill level 1 in Dodging
  2304 | D:4      | Found a shadowy altar of Dithmenos.
  2304 | D:4      | Found a hazy altar of Hepliaklqana.
  2307 | D:4      | Noticed a shadow
  2395 | D:4      | Reached XP level 5. HP: 40/41 MP: 5/5
  2882 | D:5      | Entered Level 5 of the Dungeon
  2882 | D:5      | Found a runed translucent gate.
  2882 | D:5      | Found a runed translucent gate.
  2894 | D:5      | Reached skill level 4 in Short Blades
  2894 | D:5      | Found a runed translucent gate.
  2894 | D:5      | Noticed Radamante's ghost (novice MiFi)
  2894 | D:5      | Noticed a centaur
  2962 | D:5      | Found a staircase to the Ecumenical Temple.
  2971 | D:5      | You fall into a shaft and drop 3 floors!
  3013 | D:6      | Found an iron altar of Okawaru.
  3029 | D:6      | Gained mutation: You have hoof-like feet. [demonic
                  | ancestry]
  3029 | D:6      | Reached XP level 6. HP: 48/48 MP: 6/6
  3049 | D:6      | Noticed a water moccasin
  3051 | D:6      | Killed a water moccasin
  3454 | D:6      | Reached XP level 7. HP: 44/53 MP: 7/7
  3460 | D:6      | Reached skill level 5 in Short Blades
  3618 | D:6      | Noticed a cyclops
  3636 | D:6      | Killed a cyclops
  3637 | D:6      | Reached skill level 6 in Short Blades
  3637 | D:6      | Reached skill level 5 in Armour
  3637 | D:6      | Reached XP level 8. HP: 42/60 MP: 8/8
  3654 | D:6      | Found Tokhlat's Fire Supplies.
  4203 | D:7      | Noticed a manticore
  4215 | D:7      | Slain by a manticore

Illustrated notes

Levels and vault maps discovered:
D:1:      psy_arrival_dodecagon, layout_loops_ring, minmay_tromino_v4_b
D:2:      layout_rooms, ebering_ecumenical_altar_webs
D:3:      minmay_angry_zag, layout_basic, tso_metal_star,
          yredelemnul_altar_generic, serial_glass, glass_columns_c,
          glass_columns_c, chequers_serial_rivers_small_3, st_stairs_6
D:4:      layout_rooms, riverfiend_overflow_shadow_ancestor
D:5:      layout_loops_ring, minmay_temple_entry_waves, gammafunk_ghost_split,
          chequers_serial_rivers_room_b, nicolae_letterblocks
          [nicolae_letter_subblock, nicolae_letter_subblock,
          nicolae_letter_subblock, nicolae_letter_subblock,
          nicolae_letter_subblock, nicolae_letter_subblock,
          nicolae_letter_subblock, nicolae_letter_subblock,
          nicolae_letter_subblock, nicolae_letter_subblock,
          nicolae_letter_subblock, nicolae_letter_subblock,
          nicolae_letter_subblock, nicolae_letter_subblock,
          nicolae_letter_subblock, nicolae_letter_subblock,
          nicolae_letter_subblock, nicolae_letter_subblock,
          nicolae_letter_subblock, nicolae_letter_subblock,
          nicolae_letter_subblock, nicolae_letter_subblock,
          nicolae_letter_subblock, nicolae_letter_subblock,
          nicolae_letter_subblock]
D:6:      kennysheep_slugbush, layout_loops_ring, mainiacjoe_overflow_alcove_2,
          nicolae_shop_fire_sale [nicolae_sub_dead_trees],
          minmay_misc_feat_tiny, st_stairs_10, grunt_decor_fettered
D:7:      layout_loops_ring, nicolae_elyvilon_peaceful_grove,
          nicolae_overflow_hallway_of_the_gods, marbit_many_paths,
          hangedman_feature_mirror, minmay_misc_feat_iff, nicolae_grassy_gnolls
D:8:      layout_cave_pools, kennysheep_mini_moat, nicolae_wu_jian_wuxing_cycle,
          minivault_25, minmay_misc_feat_diagonals, due_unseen_surprise

Skill      XL: |  1  2  3  4  5  6  7 |
---------------+----------------------+-----
Short Blades   | 2 3 4 6 |  6.5
Armour         | 3 4 5 |  5.4
Shields        | 3 |  3.8
Dodging        | 1 2 |  2.4
Fighting       | 4 |  4.2

Action                     |  1- 3 |  4- 6 |  7- 9 || total
---------------------------+-------+-------+-------++-------
  Melee: Rapier            |    62 |       |       ||    62
         Kick              |    24 |    44 |    21 ||    89
         Short sword       |    62 |   150 |    61 ||   273
 Armour: Scale mail        |   124 |    76 |    42 ||   242
  Dodge: Dodged            |    54 |    87 |    48 ||   189
  Block: Buckler           |    30 |    34 |    44 ||   108
         Reflection        |       |       |     4 ||     4

Table legend: (Time is in decaauts)
 A = Elapsed time spent in this place.
 B = Non-inter-level travel time spent in this place.
 C = Inter-level travel time spent in this place.
 D = Time resting spent in this place.
 E = Time spent auto-exploring this place.
 F = Levels seen in this place.
 G = Mean time per level.
                   A        B        C        D        E       F      G
               +--------+--------+--------+--------+--------+-----+--------+
         Total |   4182 |   4041 |    141 |      0 |   2981 |   8 |  522.8 |
       Dungeon |   4182 |   4041 |    141 |      0 |   2981 |   8 |  522.8 |
               +--------+--------+--------+--------+--------+-----+--------+

Top non-repeatable levels by time:
     D:6: 1178 daAuts
     D:3: 950 daAuts
     D:1: 744 daAuts
     D:2: 590 daAuts
     D:4: 586 daAuts
     D:5: 87 daAuts
     D:8: 27 daAuts
     D:7: 17 daAuts
